 Dungeon Crawl Stone Soup version bcrawl-1.38.3 (webtiles) character file.

Game seed: 6689992081969845307

9423690 vcxz the Bludgeoner (level 27, -10/327 HPs)
             Began as a Naga Archaeologist on May 21, 2023.
             Was the Champion of Cheibriados.
             Mangled by a green draconian knight
             ... wielding a +0 great sword
              (14 damage)
             ... on level 2 of the Realm of Zot.
             The game lasted 02:49:50 (53968 turns).

vcxz the Bludgeoner (Naga Archaeologist)           Turns: 53968, Time: 02:49:50

Health: -10/327    AC: 31    Str: 34    XL:     27
Magic:  12/44      EV: 17    Int: 46    God:    Cheibriados [******]
Gold:   1028       SH:  5    Dex: 27    Spells: 17/61 levels left

rFire    + + +     GDR:     43% u - +7 great mace "Firestarter" {inner flame, rF++}
rCold    + + +     SeeInvis +   (shield currently unavailable)
rNeg     + . .     Gourm    .   (armour currently unavailable)
rPois    ∞         Faith    .   x - +2 hat of Megruaz {rF+ Slay+2 SInv}
rElec    +         Spirit   .   n - scarf {rC+ rF+}
rCorr    .         Reflect  +   (gloves currently unavailable)
MR       +++..     Clarity  +   (no barding)
Stlth    ++++......             f - amulet of Qaara {Reflect rC+ SH+5}
HPRegen  0.64/turn              j - ring of Amelioration {Wiz rElec Dex+2}
MPRegen  0.29/turn              J - ring "Foinita" {+Fly Str+4 Int+5}

@: statue-form, grasped by roots, constricted, studying Maces & Flails, deflect
missiles, very slow
A: large, tail, swims, claws 1, see invisible, clarity, cold resistance 1,
deformed body, sense surroundings 1, poison resistance, slow metabolism 1, spit
poison 1, constrict 1, AC +9
}: 3/15 runes: serpentine, barnacled, silver
a: Spit Poison, End Transformation, Bend Time, Defer, Temporal Distortion, Step
From Time, Renounce Religion, Evoke Flight


You were on level 2 of the Realm of Zot.
You worshipped Cheibriados.
Cheibriados was exalted by your worship.
You were very full.
You were a stone statue.
You visited 11 branches of the dungeon, and saw 45 of its levels.
You visited the Abyss 1 time.
You visited 1 bazaar.
You also visited: Bailey, Gauntlet, Ice Cave and Wizlab.

You collected 8691 gold pieces.
You spent 7663 gold pieces at shops.

Inventory:

Hand Weapons
 c - the +6 staff of Battle {slice, MP+12}
   (You found it on level 3 of the Lair of Beasts)

   It will always inflict at least some extra damage.
   This minimum extra damage increases with your current reserve of magical
   power.
   It affects your magic capacity (+12).
 u - the +7 great mace "Firestarter" (weapon) {inner flame, rF++}
   (You acquired it on level 7 of the Dungeon)

   It has been specially enchanted to surge with flame as it hits, increasing
   damage dealt by approximately one third against foes not resistant or
   susceptible to fire.
   It greatly protects you from fire.
Armour
 n - a scarf of resistance (worn)
 x - the +2 hat of Megruaz (worn) {rF+ Slay+2 SInv}
   (You found it on level 3 of the Lair of Beasts)

   It affects your accuracy and damage with ranged weapons and melee attacks
   (+2).
   It protects you from fire.
   It lets you see invisible.
 K - the +1 pair of gauntlets of War (melded) {Slay+6}
   (You bought it in a shop in a bazaar)

   It affects your accuracy and damage with ranged weapons and melee attacks
   (+6).
 P - a +4 troll leather armour
 X - +6 fire dragon scales
 Z - the +2 robe of Vines (melded) {NoPotionHeal Regen+7 Str+7}
   (You bought it in a shop in a bazaar)

   It affects your strength (+7).
   It increases your rate of regeneration.
Jewellery
 f - the amulet of Qaara (around neck) {Reflect rC+ SH+5}
   (You acquired it on level 3 of the Dungeon)

   [amulet of reflection]

   It shields you and reflects attacks.
   It protects you from cold.
   It affects your SH (+5).
 j - the ring of Amelioration (left claw) {Wiz rElec Dex+2}
   (You took it off a naga on level 2 of the Snake Pit)

   [ring of wizardry]

   It improves your spell success rate.
   It affects your dexterity (+2).
   It insulates you from electricity.
 w - the amulet "Sofut" {RegenMP rElec MR+ Str-2 Dex+8}
   (You found it on level 3 of the Elven Halls)

   [amulet of magic regeneration]

   It increases your magic regeneration.
   It affects your strength (-2).
   It affects your dexterity (+8).
   It insulates you from electricity.
   It affects your resistance to hostile enchantments.
 H - an uncursed ring of resist corrosion
 J - the ring "Foinita" (right claw) {+Fly Str+4 Int+5}
   (You found it in a Gauntlet)

   [ring of flight]

   It affects your strength (+4).
   It affects your intelligence (+5).
   It lets you fly.
 R - the amulet "Qeg Refe" {Faith Int+7 Dex-5}
   (You acquired it in the Orcish Mines)

   [amulet of faith]

   It allows you to gain divine favour quickly.
   It affects your intelligence (+7).
   It affects your dexterity (-5).
Wands
 b - a wand of iceblast (34)
 t - a wand of digging (23)
 O - a wand of disintegration (18)
 W - a wand of acid (19)
Scrolls
 a - 9 scrolls of teleportation
 g - a scroll of brand weapon
 h - 5 scrolls of fog
 l - 15 scrolls of amnesia
 m - 4 scrolls of summoning
 p - 22 scrolls of remove curse
 q - 4 scrolls of magic mapping
 y - 4 scrolls of noise
 D - 15 scrolls of fear
 E - 7 scrolls of blinking
 G - 6 scrolls of immolation
 M - 5 scrolls of enchant weapon
 N - 2 scrolls of silence
 S - 4 scrolls of vulnerability
 V - a scroll of torment
Potions
 d - a potion of berserk rage
 k - 4 potions of lignification
 o - 2 potions of magic
 r - 3 potions of resistance
 s - 19 potions of curing
 z - 8 potions of haste
 A - 4 potions of heal wounds
 B - 11 potions of flight
 C - 2 potions of invisibility
 I - 2 potions of brilliance
 L - 2 potions of might
 Q - 14 potions of mutation
 T - a potion of agility
 U - 3 potions of cancellation
Miscellaneous
 i - a phial of floods
 v - a sack of spiders
 F - 4 phantom mirrors
 Y - a lamp of fire
Comestibles
 e - 68 rations {!d}


   Skills:
 + Level 15.9 Fighting
   Level 1.2 Long Blades
 - Level 20.5 Maces & Flails
 - Level 0.5(14.0) Staves
 - Level 9.5 Dodging
 - Level 4.8 Stealth
   Level 0.2 Shields
 + Level 17.8 Spellcasting
 * Level 20.5 Conjurations
 - Level 8.4 Hexes
 - Level 12.3 Necromancy
 - Level 13.0 Translocations
 - Level 13.1 Transmutations
 - Level 13.2 Ice Magic
 - Level 12.1 Air Magic


You had 17 spell levels left.
You knew the following spells:

 Your Spells              Type           Power        Failure   Level  Hunger
a - Necromutation         Tmut/Necr      ########     8%          8    #####..
b - Statue Form           Tmut/Erth      #######..    2%          6    None
c - Controlled Blink      Tloc           ########     1%          7    ###....
d - Deflect Missiles      Chrm/Air       #######...   2%          6    None
e - Regeneration          Chrm/Necr      #######...   1%          3    None
f - Invisibility          Hex            #######.     1%          6    None
g - Glaciate              Conj/Ice/Air   ########..   2%          8    #####..

Your spell library contained the following spells:

 Spells                   Type           Power        Failure   Level  Hunger
 Apportation              Tloc           ######       0%          1    None
 Beastly Appendage        Tmut           ######       0%          1    None
 Corona                   Hex            #######      0%          1    None
 Flame Tongue             Conj/Fire      #####        0%          1    None
 Magic Dart               Conj           ####         0%          1    None
 Necrotize                Necr           ######       0%          1    None
 Static Discharge         Air            ######       0%          1    None
 Blink                    Tloc           N/A          0%          2    None
 Corpse Rot               Necr           N/A          0%          2    None
 Ensorcelled Hibernation  Hex/Ice        ######       0%          2    None
 Searing Ray              Conj           ########     0%          2    None
 Shock                    Conj/Air       #######      0%          2    None
 Sticks to Snakes         Tmut           ########     0%          2    None
 Sublimation of Blood     Necr           ########..   0%          2    None
 Beckoning                Tloc           ########..   0%          3    None
 Conjure Flame            Conj/Fire      #######.     0%          3    None
 Dazzling Orbs            Conj/Hex       #######      0%          3    None
 Iskenderun's Mystic Bla  Conj           ########     0%          3    None
 Mephitic Cloud           Conj/Pois/Air  #######.     0%          3    None
 Portal Projectile        Tloc           ######       0%          3    None
 Vampiric Draining        Necr           ########..   0%          3    None
 Fulminant Prism          Conj/Hex       ########..   0%          4    None
 Ice Form                 Ice/Tmut       ########     0%          4    None
 Lightning Bolt           Conj/Air       ########     0%          4    None
 Irradiate                Conj/Tmut      ########..   0%          5    None
 Infusion                 Chrm           #####...     1%          1    None
 Sandblast                Erth           #####.       1%          1    None
 Summon Butterflies       Summ           #####...     1%          1    None
 Call Imp                 Summ           #####.       1%          2    None
 Flaming Arrows           Chrm/Fire      #####...     1%          2    None
 Passwall                 Tmut/Erth      #######.     1%          2    None
 Shackle                  Hex            #######.     1%          2    None
 Song of Slaying          Chrm           #####...     1%          2    None
 Swiftness                Chrm/Air       #######.     1%          2    None
 Confuse                  Hex            #######.     1%          3    None
 False Image              Hex/Summ       ######..     1%          3    None
 Inner Flame              Hex/Fire       N/A          1%          3    None
 Ozocubu's Armour         Chrm/Ice       #######.     1%          3    None
 Spectral Weapon          Hex/Chrm       ######..     1%          3    None
 Spider Form              Tmut/Pois      ###          1%          3    None
 Tukima's Dance           Hex            #######.     1%          3    None
 Agony                    Necr           ########     1%          4    None
 Animate Dead             Necr           N/A          1%          4    None
 Cause Fear               Hex            #######...   1%          4    None
 Force Lance              Tloc           ########     1%          4    None
 Petrify                  Tmut/Erth      #######...   1%          4    None
 Sticky Flame             Conj/Fire      #######.     1%          4    None
 Tree Form                Hex/Tmut       N/A          1%          4    None
 Yara's Violent Unravell  Hex/Tmut       #######...   1%          4    None
 Blade Hands              Tmut           ########..   1%          5    None
 Bolt of Magma            Conj/Fire/Erth #######...   1%          5    None
 Fireball                 Conj/Fire      #######...   1%          5    None
 Freezing Cloud           Ice/Air        ########     1%          5    None
 Iskenderun's Battlesphe  Conj/Chrm      #######.     1%          5    None
 Metabolic Englaciation   Hex/Ice        #######...   1%          5    None
 Passage of Golubria      Tloc           N/A          1%          5    None
 Silence                  Hex/Air        #######...   1%          5    None
 Bolt of Cold             Conj/Ice       ########..   1%          6    None
 Conjure Ball Lightning   Conj/Air       ########..   1%          6    None
 Darkness                 Hex            #######...   1%          6    None
 Dispersal                Tloc           ########..   1%          6    None
 Infestation              Hex/Tmut/Pois  #######..    1%          6    None
 Iron Shot                Conj/Erth      #######...   1%          6    None
 Ozocubu's Refrigeration  Ice            ########..   1%          6    None
 Simulacrum               Ice/Necr       ########     1%          6    None
 Dragon Form              Tmut           #######      1%          7    ###....
 Icicle Burst             Conj/Ice       ########..   1%          7    ###....
 Mana Rupture             Conj/Hex       ########..   1%          7    ###....
 Orb of Destruction       Conj           ########..   1%          7    ###....
 Chain Lightning          Conj/Air       ########..   1%          8    #####..
 Borgnjor's Vile Clutch   Necr/Erth      #######...   2%          6    None
 Death Channel            Chrm/Necr      #######...   2%          6    None
 Spellforged Servitor     Conj/Summ      #######...   2%          7    ###....
 Lee's Rapid Deconstruct  Erth           #####.....   6%          5    None
 Piercing Shot            Chrm           #####.....   6%          5    None
 Steam Barrier            Chrm/Fire      #####.....   6%          5    None
 Discord                  Hex            #######...   6%          7    ###....
 Lehudib's Crystal Spear  Conj/Erth      #######...   21%         8    #####..
 Aura of Abjuration       Summ           #####.....   32%         6    None
 Time Stop                Chrm/Tloc      N/A          65%         8    #####..
 Shadow Creatures         Summ           N/A          85%         7    ###....
 Fire Storm               Conj/Fire      #######...   95%         9    ######.
 Shatter                  Erth           #####.....   100%        9    ######.


Dungeon Overview and Level Annotations

Branches:
Dungeon (12/12)            Temple (0/1) D:6            Lair (6/6) D:8
 Shoals (3/3) Lair:2        Snake (3/3) Lair:3        Slime (5/5) Lair:5
    Orc (1/1) D:10            Elf (3/3) Orc          Vaults (3/3) D:11
  Crypt (2/2) Vaults:2       Tomb (0/3) Crypt:2      Depths (5/5) D:12
    Zot (2/5) Depths:5

Altars:
Ashenzari
Cheibriados
Dithmenos
Fedhas
Gozag
Hepliaklqana
Kikubaaqudgha
Lugonu
Makhleb
Nemelex Xobeh
Okawaru
Ru
Sif Muna
Vehumet
Wu Jian
Xom
Yredelemnul
Jiyva

Shops:
D:4 :   D:5 =   D:8 !   D:10 *   D:11 [?!   D:12 *   Orc (%:*!(*   Elf:2 *
Shoals:2 (   Shoals:3 *   Snake:3 *?*?}   Vaults:1 :*=   Vaults:3 *

Portals:
Hell: Depths:1 Depths:2 Depths:3 Depths:4 Depths:5
Abyss: Depths:1 Depths:4
Pandemonium: Orc Depths:3
Ziggurat: Depths:1

Annotations:
D:6 1 runed translucent door, SansUndertale's ghost, novice NaAc
D:11 3 runed translucent doors, Notanamesir's ghost, journeyman DgGl
Lair:3 exclusion: oklob plant
Slime:5 Royal Jelly


Innate Abilities, Weirdness & Mutations

You cannot wear boots.
You can swim through water.
((Your serpentine skin is tough. (AC +9)))
You have supernaturally acute eyesight. (SInv)
Armour fits poorly on your strangely shaped body.
Your system is resistant to poisons. (rPois)
((You cover ground very slowly.))
You have a slow metabolism.
You can spit poison.
You can use your snake-like lower body to constrict enemies.
You have sharp fingernails.
You possess an exceptional clarity of mind.
Your flesh is cold resistant. (rC+)
You passively map a small area around you.


Message History

The purple draconian stormcaller prays to Qazlal.
The white draconian annihilator casts a spell at you.
The poison arrow misses you.
You have no ailments to cure.
No path to travel!
Okay, then.
Casting: Controlled Blink (safe; 1% risk of failure)
Confirm with . or Enter, or press ? or * to list all spells.
You turn into a living statue of rough stone.
The +1 pair of gauntlets of War {Slay+6} melds into your body.
The +2 robe of Vines {NoPotionHeal Regen+7 Str+7} melds into your body.
The vines fall away from your body!
The yellow draconian knight is no longer encased in ice.
The rockslime seems less confused.
The rockslime hits you!!
* * * LOW HITPOINT WARNING * * *
You are held in place!
The green draconian knight hits you with a +0 great sword!
* * * LOW HITPOINT WARNING * * *
The green draconian knight tail-slaps you!
You die...

#... ,###...# .q.. , * *
#... #.....#..§.., , ###
#..○####l..##.X.... ...#
###+..^qlq.qd§dq... , *
....##..4#Xqq.q..##8....
* ....(....Dkk.°.)8..# ,
, .........qk.k#.'#..# *
, ......'qJq§k#k).##.#
,...#8k..#.%.).###, .
#.d.#....%..# , , * , ,
*#...#.........# * , ,
*#####.%....^..# , * ,
#.......%.+ , ,
,##..q....## ** ,
##.....## * * , *


You could see a golden dragon, a rockslime, a tentacled monstrosity, a white
draconian monk, 2 draconians, a yellow draconian, 3 draconians, 3 draconians, 4
death drakes, a lindwurm, 2 komodo dragons, a red devil and a swamp drake.

Vanquished Creatures
  2 juggernauts (Depths:3)
  A greater mummy (Crypt:2)
  the Enchantress (Depths:3)
  Bai Suzhen (Depths:3)
  A caustic shrike (Depths:3)
  A profane servitor (Crypt:2)
  A curse toe (Zot:1)
  5 rockslimes
  A mutant beast (WizLab)
  The ghost of yalue the Executioner, an adept MiFi of the Shining One (Crypt:2)
  Zenata (Elf:2)
  9 liches
  Jorgrun (Elf:2)
  7 tentacled monstrosities
  3 titans
  Asterion (Snake:1)
  2 deep elf master archers
  2 quicksilver dragons
  4 deep elf blademasters
  21 acid blobs
  A death cob (Zot:1)
  2 krakens
  Kirke (D:12)
  2 tentacled starspawn (Abyss:1)
  8 ancient champions
  3 sphinxes
  6 storm dragons
  19 nagarajas
  2 shadow dragons (Depths:5)
  A draconian monk (Zot:1)
  3 ghouls (Crypt:1)
  5 tengu reavers
  4 fire giants
  20 azure jellies
  A draconian knight (Depths:5)
  10 frost giants
  An iron golem (WizLab)
  2 orc warlords
  2 iron dragons
  A curse skull (Vaults:2)
  5 deep elf sorcerers
  Aizul (Depths:2)
  2 draconian annihilators
  A draconian shifter (Zot:2)
  11 vault wardens
  5 deep elf elementalists (Elf:3)
  10 spriggan defenders
  32 very ugly things
  A draconian scorcher (Zot:2)
  16 ironheart preservers
  30 stone giants
  An eye of devastation (Depths:4)
  9 jiangshi
  The ghost of Gnu the Fighter, a journeyman MiFi of the Shining One (Lair:5)
  2 vampire knights (Crypt:2)
  3 black draconians
  2 minotaurs
  12 deep elf demonologists
  7 yellow draconians
  A minotaur (shapeshifter) (Vaults:3)
  15 deep elf death magi
  9 deep elf annihilators
  A green draconian (Zot:2)
  Snorg (D:11)
  3 purple draconians
  7 dire elephants
  6 eidola
  2 spark wasps (Depths:4)
  2 white draconians
  A crystal guardian (Vaults:2)
  2 mummy priests (Crypt:2)
  4 merfolk javelineers
  13 ettins
  4 fire dragons
  19 yaktaur captains
  A deep elf high priest (Elf:3)
  2 rakshasas
  2 merfolk impalers
  A caustic shrike simulacrum (Depths:3)
  The ghost of kosoiffoigrumme1174 the Grim Reaper, a journeyman TrAc of Yredelemnul (Lair:3)
  11 vault guards
  6 hydras
  A quicksilver dragon skeleton (Depths:3)
  7 ogre magi
  10 great orbs of eyes
  Harold (Lair:4)
  36 naga warriors
  5 merfolk avatars
  2 catoblepae (Lair:6)
  16 anacondas
  8 ice dragons
  3 shadow wraiths
  6 spriggan air magi
  4 death knights
  7 merfolk aquamancers (Shoals:3)
  2 anacondas (shapeshifter)
  3 alligator snapping turtles (Shoals:3)
  18 death yaks
  A hell hog (Depths:2)
  19 two-headed ogres
  32 dancing weapons
  12 death oozes
  3 vampire magi
  A two-headed ogre (shapeshifter) (WizLab)
  6 orc high priests
  4 deep troll earth magi
  12 sea snakes
  3 deep troll shamans
  An alligator (Lair:6)
  3 spriggan berserkers (Depths:3)
  2 tengu warriors (Crypt:2)
  3 ironheart beastmasters
  A queen ant (Lair:5)
  A soul eater (Crypt:1)
  17 naga sharpshooters
  5 shock serpents
  A storm dragon zombie (Crypt:1)
  21 deep elf knights
  A fire crab (shapeshifter) (Vaults:1)
  A fire crab (Shoals:2)
  A titan skeleton (D:12)
  12 deep trolls
  23 centaur warriors
  A salamander mystic (Snake:2)
  5 hell knights
  A wretched star (Abyss:1)
  A storm dragon skeleton (Depths:3)
  2 spark wasp zombies
  13 skeletal warriors
  2 unseen horrors (shapeshifter)
  5 flayed ghosts
  3 gelid demonspawn (Orc)
  A torturous demonspawn (Orc)
  7 glowing orange brains
  8 naga ritualists
  A wolf spider zombie (D:11)
  10 deep elf archers
  6 harpies (Shoals:1)
  A golden dragon skeleton (Depths:3)
  A lindwurm (Lair:6)
  7 cyclopes
  15 orc knights
  4 phantasmal warriors
  11 necromancers
  6 wizards
  A shadow dragon zombie (Crypt:2)
  5 mana vipers
  14 ironheart convokers
  2 wolf spiders (shapeshifter)
  2 harpies (shapeshifter) (WizLab)
  9 orc sorcerers
  A stone giant zombie (D:12)
  5 oklob plants
  54 deep elf magi
  9 shining eyes
  8 fauns
  7 salamanders
  3 salamanders (shapeshifter)
  44 ugly things
  A faun (shapeshifter) (D:11)
  3 elephants (Lair:6)
  7 manticores
  6 water nymphs
  A fire giant skeleton (Vaults:1)
  6 moths of wrath (Zot:1)
  9 guardian serpents
  24 naga magi
  An elephant (shapeshifter) (WizLab)
  An iron dragon skeleton (Crypt:2)
  A rust devil (Depths:4)
  A water nymph (shapeshifter) (WizLab)
  18 merfolk sirens
  24 black mambas
  9 vault sentinels
  2 smoke demons
  An orange demon (Abyss:1)
  An elephant slug zombie (Crypt:1)
  A gargoyle (D:10)
  A cane toad (shapeshifter) (WizLab)
  8 cane toads
  2 rime drakes
  53 yaktaurs
  2 yaktaurs (shapeshifter)
  A kobold demonologist (Bailey)
  A komodo dragon (shapeshifter) (WizLab)
  7 komodo dragons
  6 freezing wraiths
  An eye of draining (Abyss:1)
  5 guardian mummies (Crypt:2)
  A tengu conjurer (Depths:5)
  An iron troll skeleton (Crypt:2)
  An ancient zyme (Abyss:1)
  3 flying skulls (Crypt:1)
  29 merfolk
  A queen bee (Lair:2)
  2 wolf spider simulacra
  4 trolls
  A merfolk (shapeshifter) (WizLab)
  9 large abominations
  A golden dragon simulacrum (Depths:3)
  6 raiju (Abyss:1)
  2 hornets (shapeshifter)
  2 trolls (shapeshifter) (WizLab)
  16 polar bears
  3 wind drakes
  8 hornets
  15 blink frogs
  Grinder (D:3)
  A blink frog (shapeshifter) (Depths:4)
  A slime creature (shapeshifter) (Elf:3)
  A deep troll zombie (D:12)
  7 snapping turtles
  2 harpy skeletons
  A raiju (shapeshifter) (Vaults:1)
  A dream sheep (shapeshifter) (WizLab)
  3 dream sheep (Shoals:1)
  10 hippogriffs
  18 starcursed masses (Abyss:1)
  A guardian serpent skeleton (Crypt:1)
  An ettin zombie (Vaults:1)
  160 slime creatures
  A stone giant simulacrum (Crypt:2)
  Grum (D:8)
  8 spriggans
  A black mamba zombie (Crypt:2)
  A fire dragon skeleton (Crypt:1)
  4 shadows
  3 air elementals
  11 water elementals
  2 wyverns
  A wyvern (shapeshifter) (WizLab)
  2 humans (shapeshifter)
  2 ynoxinuls (Abyss:1)
  An ushabti (Crypt:2)
  3 wraiths (Crypt:2)
  A black mamba skeleton (Crypt:2)
  49 yaks
  10 small abominations
  3 basilisks
  14 golden eyes
  2 hogs (D:12)
  A golden eye (shapeshifter) (WizLab)
  3 fire elementals
  A redback (shapeshifter) (WizLab)
  A neqoxec (Orc)
  A steam dragon (Lair:2)
  A hungry ghost (D:12)
  5 vampire mosquitoes
  An ogre zombie (Vaults:1)
  77 nagas
  4 wargs
  2 acid dragons
  7 crocodiles
  A faun zombie (Crypt:1)
  16 water moccasins
  6 floating eyes
  39 orc warriors
  A meliai simulacrum (Gauntlet)
  3 porcupines
  14 hell hounds
  An ice beast (shapeshifter) (WizLab)
  A soldier ant (shapeshifter) (WizLab)
  An ice dragon simulacrum (Gauntlet)
  A merfolk skeleton (Crypt:2)
  A fire dragon simulacrum (Crypt:2)
  2 ice beasts
  2 sky beasts
  17 wolves
  A cane toad skeleton (D:10)
  2 necrophages
  20 soldier ants
  A lindwurm zombie (Crypt:2)
  A black bear (Lair:6)
  4 phantoms
  31 ogres
  7 boggarts
  17 bullfrogs
  A hippogriff zombie (Crypt:1)
  A bullfrog (shapeshifter) (Depths:3)
  8 kobold brigands
  2 gnoll sergeants (D:10)
  4 elf zombies (Elf:3)
  2 human skeletons (Vaults:1)
  4 centaurs
  4 earth elementals
  2 scorpions
  19 killer bees (Lair:2)
  8 wights
  14 electric eels
  25 orc priests
  5 crimson imps
  2 bullfrog zombies
  A wolf skeleton (D:10)
  A quasit (D:11)
  3 hounds
  9 jellies
  An iron imp (Abyss:1)
  14 orc wizards
  2 bullfrog skeletons
  3 iguanas
  25 worker ants
  A hound zombie (D:7)
  3 hound skeletons
  A worker ant zombie (D:7)
  A centaur zombie (Crypt:1)
  11 gnolls
  A steam dragon zombie (Crypt:2)
  21 adders
  A centaur skeleton (Crypt:1)
  A shadow imp (D:12)
  A white imp (Abyss:1)
  An adder zombie (D:5)
  A lava snake zombie (Crypt:2)
  2 worms
  4 dart slugs
  4 leopard geckos
  59 orcs
  7 bats
  A bat zombie (Crypt:2)
  2 giant cockroaches (D:1)
  9 goblins
  15 hobgoblins
  2 jackals
  5 quokkas
  A ball python (D:1)
  21 kobolds
  A leopard gecko skeleton (Crypt:2)
  2 quokka skeletons
  4 rats
  3 blocks of ice
  A lurking horror (Abyss:1)
  14 plants
  3 starspawn tentacles (Abyss:1)
  6 tentacles
2316 creatures vanquished.

Vanquished Creatures (collateral kills)
  A tengu reaver (Vaults:3)
  A deep elf elementalist (Elf:3)
  A deep troll (Vaults:3)
  A wizard (Vaults:3)
4 creatures vanquished.

Vanquished Creatures (others)
  Margery (Vaults:3)
  A tentacled monstrosity (Vaults:3)
  A deep elf master archer (Elf:3)
  A frost giant (Vaults:3)
  A very ugly thing (Vaults:2)
  16 vault guards (Vaults:3)
  A sea snake (Shoals:2)
  A two-headed ogre (Vaults:2)
  2 satyrs
  A deep troll earth mage (Vaults:3)
  A naga sharpshooter (Snake:3)
  2 deep trolls (Vaults:3)
  A centaur warrior (Vaults:3)
  A harpy (Shoals:1)
  An ironheart convoker (Vaults:2)
  A cyclops (Shoals:1)
  A phantasmal warrior (Vaults:3)
  A deep elf mage (Elf:2)
  A manticore (Shoals:3)
  2 fauns
  A vault sentinel (Vaults:3)
  5 yaktaurs
  A merfolk (Lair:2)
  A water elemental (Shoals:3)
  A human (D:12)
  An orc warrior (Orc)
  A boggart (Vaults:1)
  2 ogres (Vaults:2)
  A centaur (D:5)
  2 orc priests
  5 orcs
  26 blocks of ice
  A bush (Lair:4)
  17 fungi
  31 plants
  A spectral weapon (Depths:5)
  4 starspawn tentacles (Abyss:1)
  8 tentacles
147 creatures vanquished.

Grand Total: 2467 creatures vanquished

Notes
Turn   | Place    | Note
-------+----------+-------------------------------------------
     0 | D:1      | vcxz the Naga Archaeologist began the quest for the Orb.
     0 | D:1      | Reached XP level 1. HP: 18/18 MP: 1/1
   141 | D:1      | Reached XP level 2. HP: 12/25 MP: 2/2
   583 | D:1      | Reached XP level 3. HP: 32/32 MP: 3/3
   758 | D:2      | Found a sparkling altar of Nemelex Xobeh.
   762 | D:2      | Found a hazy altar of Hepliaklqana.
  1110 | D:2      | Found a snail-covered altar of Cheibriados.
  1110 | D:2      | Found an ornate altar of the Wu Jian Council.
  1110 | D:2      | Found a burning altar of Makhleb.
  1110 | D:2      | Found an opulent altar of Gozag.
  1196 | D:2      | Became a worshipper of Cheibriados the Contemplative
  1296 | D:3      | Found a blossoming altar of Fedhas.
  1298 | D:3      | Found a shimmering blue altar of Sif Muna.
  1461 | D:3      | Reached XP level 4. HP: 35/39 MP: 4/4
  1850 | D:3      | Noticed Grinder
  1859 | D:3      | Paralysed by Grinder for 3 turns
  1864 | D:3      | Gained mutation: You are frail. (-10% HP) [potion of
                  | mutation]
  1864 | D:3      | Lost mutation: You are frail. (-10% HP) [potion of
                  | mutation]
  1864 | D:3      | Gained mutation: You have an increased reservoir of magic.
                  | (+10% MP) [potion of mutation]
  1868 | D:3      | Paralysed by Grinder for 4 turns
  1870 | D:3      | Killed Grinder
  1871 | D:3      | Reached skill level 5 in Maces & Flails
  1871 | D:3      | Reached XP level 5. HP: 46/46 MP: 5/5
  1871 | D:3      | Reached XP level 6. HP: 55/55 MP: 6/6
  1871 | D:3      | Identified a scroll of acquirement
  1872 | D:3      | Identified the amulet of Qaara {Reflect rC+ SH+5} (You
                  | acquired it on level 3 of the Dungeon)
  1880 | D:3      | Found a radiant altar of Vehumet.
  2157 | D:4      | Found a basalt altar of Yredelemnul.
  2267 | D:4      | Noticed a sky beast
  2306 | D:4      | Killed a sky beast
  2577 | D:4      | Reached * piety under Cheibriados
  2578 | D:4      | Reached XP level 7. HP: 32/62 MP: 7/7
  2714 | D:4      | Found a shadowy altar of Dithmenos.
  3057 | D:4      | Found Lantol's Book Shop.
  3110 | D:5      | Entered Level 5 of the Dungeon
  3111 | D:5      | Found Jec Kauth's Jewellery Emporium.
  3165 | D:5      | Found a shattered altar of Ashenzari.
  3402 | D:6      | Reached XP level 8. HP: 32/72 MP: 8/8
  3563 | D:5      | Identified the ring of Urees {+Fly rElec Str+3 Int-2 Dex+6}
                  | (You acquired it on level 5 of the Dungeon)
  3997 | D:4      | Bought a book of Transfigurations for 770 gold pieces
  4011 | D:5      | Bought a +5 ring of protection for 699 gold pieces
  4190 | D:5      | Reached ** piety under Cheibriados
  4227 | D:5      | Noticed a yak
  4244 | D:5      | Killed a yak
  4257 | D:5      | Reached skill level 10 in Maces & Flails
  4405 | D:5      | Reached XP level 9. HP: 79/79 MP: 9/9
  4529 | D:5      | Learned a level 8 spell: Necromutation
  4630 | D:5      | Found a burning altar of Makhleb.
  4965 | D:6      | Reached skill level 5 in Fighting
  4972 | D:6      | Found a staircase to the Ecumenical Temple.
  5176 | D:6      | Found a runed translucent door.
  5176 | D:6      | Found a shimmering altar of Xom.
  5176 | D:6      | Noticed SansUndertale's ghost (novice NaAc)
  5176 | D:6      | Noticed a +2 short sword of chaos
  5298 | D:7      | Found a burning altar of Makhleb.
  5303 | D:7      | Identified the +5 barding "Humo" {rF- rCorr Int+3 Dex+2}
                  | (You acquired it on level 7 of the Dungeon)
  5303 | D:7      | Identified the ring "Dampylopp" {Fire rElec rPois MR+
                  | Dex-5} (You acquired it on level 7 of the Dungeon)
  5304 | D:7      | Found the +7 great mace "Firestarter" {inner flame, rF++}
  5347 | D:7      | Reached skill level 1 in Necromancy
  5366 | D:7      | Reached skill level 1 in Transmutations
  5419 | D:7      | Reached *** piety under Cheibriados
  5477 | D:7      | Noticed a centaur warrior
  5591 | D:8      | Noticed a death yak
  5592 | D:8      | Noticed a death yak
  5593 | D:8      | Noticed a death yak
  5594 | D:8      | Noticed a death yak
  5610 | D:8      | Killed a death yak
  5783 | D:7      | Killed a centaur warrior
  5784 | D:7      | Reached XP level 10. HP: 86/90 MP: 11/11
  6221 | D:7      | Found a corrupted altar of Lugonu.
  6398 | D:8      | Noticed a death yak
  6399 | D:8      | Noticed a death yak
  6399 | D:8      | Noticed a death yak
  6711 | D:8      | Reached **** piety under Cheibriados
  6724 | D:8      | Found Bungo's Distillery.
  6736 | D:8      | Bought a potion of curing for 40 gold pieces
  6736 | D:8      | Bought a potion of curing for 40 gold pieces
  6736 | D:8      | Bought a potion of heal wounds for 80 gold pieces
  6736 | D:8      | Bought a potion of might for 64 gold pieces
  6736 | D:8      | Bought 2 potions of heal wounds for 160 gold pieces
  6736 | D:8      | Bought a potion of heal wounds for 80 gold pieces
  6833 | D:9      | Noticed a centaur warrior
  6838 | D:9      | Killed a centaur warrior
  6986 | D:9      | Noticed a centaur warrior
  7000 | D:9      | Killed a centaur warrior
  7463 | D:9      | Reached ***** piety under Cheibriados
  7478 | D:9      | Identified the amulet "Ynuqeesh" {Spirit Stlth+} (You
                  | acquired it on level 9 of the Dungeon)
  7764 | D:9      | Reached XP level 11. HP: 97/97 MP: 12/12
  8222 | D:8      | Noticed Grum
  8229 | D:8      | Killed Grum
  8279 | D:8      | Killed a death yak
  8281 | D:8      | Killed a death yak
  8283 | D:8      | Killed a death yak
  8285 | D:8      | Killed a death yak
  8287 | D:8      | Killed a death yak
  8292 | D:8      | Killed a death yak
  8409 | D:8      | Bought 2 potions of curing for 80 gold pieces
  8409 | D:8      | Bought a potion of curing for 40 gold pieces
  8409 | D:8      | Bought 2 potions of agility for 128 gold pieces
  8495 | D:8      | Noticed a cyclops
  8564 | D:8      | Found a sacrificial altar of Ru.
  8633 | D:8      | Found a staircase to the Lair.
  8782 | D:10     | Entered Level 10 of the Dungeon
  8817 | D:10     | Found Ufashr Enihe's General Store.
  8820 | D:10     | Bought a scroll of blinking for 112 gold pieces
  8820 | D:10     | Bought a scroll of immolation for 52 gold pieces
  8868 | D:10     | Found a flagged portal.
  8877 | Bailey   | Entered a bailey
  8919 | Bailey   | Reached skill level 15 in Maces & Flails
  8932 | Bailey   | Found an iron altar of Okawaru.
  8932 | Bailey   | Noticed an orc sorcerer
  8940 | Bailey   | Killed an orc sorcerer
  8941 | Bailey   | Reached skill level 5 in Transmutations
  8941 | Bailey   | Reached XP level 12. HP: 67/109 MP: 13/13
  9069 | Bailey   | Reached skill level 5 in Necromancy
  9173 | Bailey   | Found the +6 demon blade "Bloodbane" {slice, *Tele *Drain
                  | +Rage Str+6}
  9530 | Bailey   | Reached ****** piety under Cheibriados
 10131 | D:10     | Identified the +4 great mace of Equilibrium {venom, rElec
                  | rF++ MR- Dex+4} (You acquired it on level 10 of the
                  | Dungeon)
 10131 | D:10     | Identified the scarf of Zieper {stasis, rN+ Int+3} (You
                  | acquired it on level 10 of the Dungeon)
 10131 | D:10     | Identified the ring of Culecsy {rElec MP+9 Str+2} (You
                  | acquired it on level 10 of the Dungeon)
 10208 | D:10     | Noticed a two-headed ogre
 10214 | D:10     | Killed a two-headed ogre
 10337 | D:10     | Found a staircase to the Orcish Mines.
 10756 | Lair:1   | Entered Level 1 of the Lair of Beasts
 10770 | Lair:1   | Found a frozen archway.
 10781 | Lair:1   | Reached skill level 1 in Spellcasting
 10815 | IceCv    | Entered an ice cave
 10995 | IceCv    | Found the +12 glaive of Prune {chop, lignify}
 11043 | IceCv    | Noticed a frost giant
 11050 | IceCv    | Killed a frost giant
 11051 | IceCv    | Gained mutation: You can use your snake-like lower body to
                  | constrict enemies. [Naga growth]
 11051 | IceCv    | Reached XP level 13. HP: 86/117 MP: 18/20
 12976 | Lair:2   | Found a staircase to the Shoals.
 13409 | Lair:2   | Learned a level 6 spell: Statue Form
 13439 | Lair:3   | Found a staircase to the Snake Pit.
 13464 | Lair:3   | Reached skill level 5 in Spellcasting
 13555 | Lair:3   | Found a runed translucent gate.
 13590 | Lair:3   | Got a scorched flail
 13662 | Lair:3   | Found the +6 staff of Battle {slice, MP+12}
 13968 | Lair:3   | Found a runed translucent gate.
 13968 | Lair:3   | Found a runed translucent gate.
 13976 | Lair:3   | Noticed a minotaur
 14011 | Lair:3   | Noticed kosoiffoigrumme1174's ghost (journeyman TrAc)
 14285 | Lair:3   | Killed kosoiffoigrumme1174's ghost
 14286 | Lair:3   | Killed a minotaur
 14372 | Lair:3   | Got a brightly glowing hat
 14417 | Lair:4   | Reached XP level 14. HP: 124/124 MP: 25/25
 14616 | Lair:4   | Noticed Harold
 14674 | Lair:4   | Killed Harold
 15561 | Lair:6   | Entered Level 6 of the Lair of Beasts
 15714 | Lair:5   | Found a runed translucent gate.
 15714 | Lair:5   | Found a runed translucent gate.
 15714 | Lair:5   | Found a runed translucent gate.
 15715 | Lair:5   | Noticed Gnu's ghost (journeyman MiFi)
 16245 | Lair:5   | Found a viscous altar of Jiyva.
 16246 | Lair:5   | Found a staircase to the Slime Pits.
 16363 | Lair:5   | Killed Gnu's ghost
 16381 | Lair:5   | Identified the +7 flail "Muhumpyanorr" {flame, rF- rC+
                  | Str+7} (You found it on level 3 of the Lair of Beasts)
 16392 | Lair:5   | Identified the +2 hat of Megruaz {rF+ Slay+2 SInv} (You
                  | found it on level 3 of the Lair of Beasts)
 16484 | Lair:6   | Reached skill level 10 in Necromancy
 16585 | Lair:6   | Reached skill level 10 in Transmutations
 16918 | Lair:6   | Got an ancient copper amulet
 17362 | Lair:6   | Reached XP level 15. HP: 132/132 MP: 28/30
 18130 | Orc      | Entered the Orcish Mines
 18148 | Orc      | Found Xeek's Food Emporium.
 18151 | Orc      | Found Udubbe Lukly's General Store.
 18175 | Orc      | Found a staircase to the Elven Halls.
 18944 | Orc      | Bought a scroll of magic mapping for 49 gold pieces
 18944 | Orc      | Bought a potion of heal wounds for 70 gold pieces
 18944 | Orc      | Bought a potion of flight for 56 gold pieces
 18944 | Orc      | Bought a scroll of teleportation for 42 gold pieces
 18979 | Orc      | Found Qemodd's Antique Weapon Boutique.
 18979 | Orc      | Found Yskurghau's Book Shop.
 18980 | Orc      | Found a one-way gate leading to the halls of Pandemonium.
 18998 | Orc      | Bought a book of the Warp for 990 gold pieces
 19099 | Orc      | Paralysed by an orc sorcerer for 3 turns
 19258 | Orc      | Found Opifeank's Distillery.
 19291 | Orc      | Bought a potion of curing for 40 gold pieces
 19291 | Orc      | Bought a potion of mutation for 128 gold pieces
 19291 | Orc      | Bought a potion of invisibility for 128 gold pieces
 19291 | Orc      | Bought a potion of curing for 40 gold pieces
 19291 | Orc      | Bought a potion of curing for 40 gold pieces
 19291 | Orc      | Bought a potion of curing for 40 gold pieces
 19376 | Orc      | Found Vaulyime's General Store.
 19377 | Orc      | Found Jatunal's Antique Weapon Emporium.
 19383 | Orc      | Bought a scroll of identify for 28 gold pieces
 19727 | D:11     | Found a runed translucent gate.
 19731 | D:11     | Found a runed translucent gate.
 19751 | D:11     | Found a runed translucent gate.
 19751 | D:11     | Found Waeta's Magic Scroll Shoppe.
 19818 | D:11     | Reached skill level 10 in Spellcasting
 19946 | D:11     | Found Xounwef's Antique Armour Emporium.
 19953 | D:11     | Bought an embroidered scarf for 224 gold pieces
 20066 | D:11     | Bought a scroll of fear for 65 gold pieces
 20066 | D:11     | Bought a scroll of blinking for 97 gold pieces
 20066 | D:11     | Bought a scroll of teleportation for 39 gold pieces
 20137 | D:11     | Noticed Snorg
 20138 | D:11     | Killed Snorg
 20213 | D:11     | Found Vext's Distillery.
 20221 | D:11     | Bought a potion of curing for 42 gold pieces
 20271 | D:11     | Found a viscous altar of Jiyva.
 20335 | D:11     | Reached XP level 16. HP: 139/139 MP: 33/33
 20535 | D:11     | Found a gate to the Vaults.
 20635 | D:11     | Found a runed translucent gate.
 20635 | D:11     | Found a runed translucent gate.
 20662 | D:11     | Found a runed translucent gate.
 20673 | D:11     | Noticed Notanamesir's ghost (journeyman DgGl)
 20701 | D:11     | Identified the amulet "Boz Muxuje" {RegenMP +Blink rPois
                  | Int+3 Stlth-} (You found it on level 6 of the Lair of
                  | Beasts)
 20716 | D:12     | Entered Level 12 of the Dungeon
 20732 | D:12     | Found Zunuus's Assorted Antiques.
 20751 | D:12     | Found a staircase to the Depths.
 20760 | D:12     | Noticed Kirke
 20765 | D:12     | Killed Kirke
 20788 | D:12     | Found a gate leading to a gauntlet.
 20797 | Gauntlet | Entered a Gauntlet
 20797 | Gauntlet | Found a transporter.
 20797 | Gauntlet | Found a transporter.
 20801 | Gauntlet | Found a transporter.
 20801 | Gauntlet | Found a transporter.
 20811 | Gauntlet | Found a transporter.
 20815 | Gauntlet | Found a transporter.
 20821 | Gauntlet | Found a transporter.
 20821 | Gauntlet | Found a transporter.
 20861 | Gauntlet | Found a transporter.
 20886 | Gauntlet | Found a transporter.
 20913 | Gauntlet | Found the cursed +6 arbalest "Damnation" {hellfire, *Curse}
 20915 | Gauntlet | Got a bound lead ring
 20931 | Gauntlet | Found a transporter.
 20933 | Gauntlet | Found a transporter.
 20983 | Gauntlet | Identified the ring "Foinita" {+Fly Str+4 Int+5} (You found
                  | it in a Gauntlet)
 20992 | Gauntlet | Got a pair of buzzing gloves
 20998 | Gauntlet | Identified the cursed +0 pair of gloves of the Eleven Tales
                  | {rElec} (You found it in a Gauntlet)
 21009 | Gauntlet | Learned a level 7 spell: Controlled Blink
 21037 | Gauntlet | Reached skill level 1 in Translocations
 21059 | Gauntlet | Learned a level 6 spell: Deflect Missiles
 21268 | D:12     | Reached skill level 1 in Air Magic
 21649 | D:12     | Bought a wavering golden amulet for 90 gold pieces
 21649 | D:12     | Identified the amulet "Neheemu" {Inacc SInv} (You bought it
                  | in a shop on level 12 of the Dungeon)
 22382 | Snake:1  | Entered Level 1 of the Snake Pit
 22386 | Snake:1  | Noticed a nagaraja
 22394 | Snake:1  | Killed a nagaraja
 22398 | Snake:1  | Reached skill level 5 in Air Magic
 22548 | Snake:1  | Noticed Asterion
 22554 | Snake:1  | Killed Asterion
 22656 | Snake:1  | Got a bloodstained quarterstaff
 22672 | Snake:1  | Noticed a nagaraja
 22673 | Snake:1  | Killed a nagaraja
 22674 | Snake:1  | Reached skill level 5 in Translocations
 22760 | Snake:1  | Reached XP level 17. HP: 138/146 MP: 9/35
 22978 | Snake:1  | Learned a level 3 spell: Regeneration
 23647 | Snake:2  | Reached skill level 10 in Translocations
 23821 | Snake:2  | Identified the +4 large shield of Aqephir {rPois rF++ rN+}
 23838 | Snake:2  | Identified the ring of Amelioration {Wiz rElec Dex+2}
 24328 | Snake:2  | Learned a level 6 spell: Invisibility
 24345 | Snake:3  | Entered Level 3 of the Snake Pit
 24429 | Snake:3  | Reached skill level 1 in Hexes
 24581 | Snake:3  | Identified the cursed +3 quarterstaff of the Horn {flame,
                  | +Blink rF+} (You found it on level 1 of the Snake Pit)
 24851 | Snake:3  | Reached XP level 18. HP: 153/153 MP: 16/37
 25037 | Snake:3  | Reached skill level 5 in Hexes
 25276 | Snake:3  | Lost mutation: You have an increased reservoir of magic.
                  | (+10% MP) [mutagenic glow]
 25392 | Snake:3  | Found Bigasuq's Assorted Antiques.
 25405 | Snake:3  | Found Tedwat's Gadget Shoppe.
 25405 | Snake:3  | Found Tudwutirgh's Magic Scroll Emporium.
 25410 | Snake:3  | Bought a potion of curing for 107 gold pieces
 25410 | Snake:3  | Bought a scroll of identify for 86 gold pieces
 25411 | Snake:3  | Found Doaclo Bili's Magic Scroll Shoppe.
 25598 | Snake:3  | Found Ufiw's General Store.
 25627 | Snake:3  | Got a masterwork ring mail
 25628 | Snake:3  | Identified the cursed +1 ring mail of Relativism {*Slow
                  | +Inv Dex+3} (You found it on level 3 of the Snake Pit)
 26308 | Snake:3  | Got a serpentine rune of Zot
 26457 | Snake:3  | Reached XP level 19. HP: 124/160 MP: 32/36
 26774 | Shoals:1 | Entered Level 1 of the Shoals
 28047 | Shoals:2 | Found Riorrod's Weapon Emporium.
 28715 | Shoals:3 | Entered Level 3 of the Shoals
 28818 | Shoals:3 | Found Ysapush's Book Boutique.
 29029 | Shoals:3 | Found Rawnaoc's Retail Resort.
 29103 | Shoals:3 | Got a barnacled rune of Zot
 29292 | Shoals:3 | Reached skill level 5 in Dodging
 29929 | Shoals:3 | Identified the cursed ring "Jogexusch" {Fire *Corrode Str+4
                  | Dex+3}
 30332 | Vaults:1 | Entered Level 1 of the Vaults
 30407 | Vaults:1 | Reached XP level 20. HP: 91/174 MP: 33/37
 30920 | Vaults:1 | Found Gorihom's General Store.
 30935 | Vaults:1 | Reached skill level 10 in Fighting
 31253 | Vaults:1 | Found Biakiplu's Jewellery Shoppe.
 31487 | Vaults:1 | Found Iduonn's Book Boutique.
 31896 | Vaults:2 | Found a flickering gateway to a bazaar.
 32011 | Vaults:2 | Found a magical portal.
 32014 | WizLab   | Entered Cigotuvi's Fleshworks
 32280 | WizLab   | Identified Cigotuvi's Catalogue of Doomed Transmutation
 32306 | WizLab   | Paralysed by a floating eye for 4 turns
 32311 | WizLab   | Paralysed by a floating eye for 4 turns
 32318 | WizLab   | Paralysed by a floating eye for 4 turns
 32467 | WizLab   | Reached XP level 21. HP: 184/184 MP: 39/39
 32546 | WizLab   | Identified the ring "Ruxt" {rPois rF+}
 32798 | WizLab   | Gained mutation: You are clumsy. (Dex -2) [mutagenic glow]
 33178 | Vaults:2 | Reached skill level 15 in Spellcasting
 33212 | Vaults:2 | Gained mutation: You have a beak for a mouth. [mutagenic
                  | glow]
 34154 | Vaults:2 | Found a staircase to the Crypt.
 34581 | Crypt:1  | Entered Level 1 of the Crypt
 34932 | Elf:1    | Entered Level 1 of the Elven Halls
 35557 | Elf:1    | Reached XP level 22. HP: 198/198 MP: 41/41
 36148 | Elf:2    | Found Novucytz's Assorted Antiques.
 36278 | Elf:2    | Noticed Jorgrun
 36286 | Elf:2    | Killed Jorgrun
 36528 | Elf:2    | Found a huge runed gate.
 36528 | Elf:2    | Found a huge runed gate.
 36528 | Elf:2    | Found a huge runed gate.
 36528 | Elf:2    | Found a huge runed gate.
 36528 | Elf:2    | Noticed Zenata
 36529 | Elf:2    | Found a huge runed gate.
 36530 | Elf:2    | Killed Zenata
 36800 | Elf:2    | Gained mutation: Your magical capacity is low. (-10% MP)
                  | [mutagenic glow]
 36813 | Elf:2    | Lost mutation: Your magical capacity is low. (-10% MP)
                  | [potion of mutation]
 36813 | Elf:2    | Lost mutation: You are clumsy. (Dex -2) [potion of
                  | mutation]
 36813 | Elf:2    | Gained mutation: You expend magic power (3 MP) to
                  | strengthen your wands. [potion of mutation]
 36813 | Elf:2    | Gained mutation: You evolve. [potion of mutation]
 36813 | Elf:2    | Gained mutation: You are partially covered in slimy green
                  | scales. (AC +2) [potion of mutation]
 36813 | Elf:2    | Gained mutation: Your spells are a little harder to cast,
                  | but a little more powerful. [potion of mutation]
 37256 | Elf:3    | Entered Level 3 of the Elven Halls
 37621 | Elf:3    | Identified the Tome of Unholy Arts
 37661 | Elf:3    | Gained mutation: You are frail. (-10% HP) [evolution]
 37661 | Elf:3    | Lost mutation: You evolve. [end of evolution]
 38077 | Elf:3    | Cast into level 1 of the Abyss (a deep elf demonologist)
 38228 | Abyss:1  | Lost mutation: Your spells are a little harder to cast, but
                  | a little more powerful. [potion of mutation]
 38228 | Abyss:1  | Lost mutation: You are frail. (-10% HP) [potion of
                  | mutation]
 38228 | Abyss:1  | Lost mutation: You expend magic power (3 MP) to strengthen
                  | your wands. [potion of mutation]
 38228 | Abyss:1  | Gained mutation: You are surrounded by a mild repulsion
                  | field. (EV +2) [potion of mutation]
 38286 | Abyss:1  | Paralysed by accursed screaming for 1 turns
 38458 | Elf:3    | Escaped the Abyss
 38462 | Elf:3    | Identified the cursed ring of Oleproecs {rC+ Stlth--}
 38771 | Elf:3    | Identified the amulet "Oxerigag" {Reflect rN++ MR+ Int-3
                  | SH+6 SInv}
 38803 | Elf:3    | Identified the Collected Works on the Earthen Blaze
 38822 | Elf:3    | Identified the ring of Ogenlaesy {+Blink +Inv +Fly Stlth+}
 38906 | Elf:3    | Identified the +8 flail of the Original Sin {freeze, rF+
                  | rC- Int+4}
 38911 | Elf:3    | Identified the +1 robe "Fewkiepp" {rC++ Str+2 Dex+3}
 38922 | Elf:3    | Identified the +1 chain mail of Afoibof {rC++ Str+3}
 38925 | Elf:3    | Identified the amulet "Sofut" {RegenMP rElec MR+ Str-2
                  | Dex+8}
 38929 | Elf:3    | Identified the +11 demon blade of Circular Logic {flame,
                  | rElec Str+2}
 38941 | Elf:3    | Identified the +2 robe of the Hare {Str+4}
 38946 | Elf:3    | Identified the amulet "Xeukism" {Faith rPois rC+ Str-2
                  | Dex+4}
 38952 | Elf:3    | Identified the +1 pair of gloves of the Maze {rPois Str+2}
 38980 | Elf:3    | Learned a level 8 spell: Glaciate
 39065 | Elf:3    | Reached skill level 1 in Conjurations
 39141 | Elf:3    | Reached XP level 23. HP: 210/210 MP: 43/43
 39148 | Elf:3    | Identified the +2 ring mail of Loggiama {+Fly Dex+3}
 39158 | Elf:3    | Gained mutation: Your body sometimes deteriorates upon
                  | taking damage. [a cacodemon]
 39495 | Elf:3    | Reached skill level 5 in Conjurations
 39698 | Elf:2    | Lost mutation: You are partially covered in slimy green
                  | scales. (AC +2) [potion of mutation]
 39698 | Elf:2    | Lost mutation: Your body sometimes deteriorates upon taking
                  | damage. [potion of mutation]
 39698 | Elf:2    | Lost mutation: You are surrounded by a mild repulsion
                  | field. (EV +2) [potion of mutation]
 39698 | Elf:2    | Lost mutation: You have a beak for a mouth. [potion of
                  | mutation]
 39698 | Elf:2    | Gained mutation: Your flesh is heat resistant. (rF+)
                  | [potion of mutation]
 39698 | Elf:2    | Gained mutation: You expend magic power (3 MP) to
                  | strengthen your wands. [potion of mutation]
 39698 | Elf:2    | Gained mutation: You tend to lose your temper in combat.
                  | [potion of mutation]
 39698 | Elf:2    | Gained mutation: You have sharp fingernails. [potion of
                  | mutation]
 39699 | Elf:2    | Lost mutation: Your flesh is heat resistant. (rF+) [potion
                  | of mutation]
 39699 | Elf:2    | Lost mutation: You expend magic power (3 MP) to strengthen
                  | your wands. [potion of mutation]
 39699 | Elf:2    | Gained mutation: Your muscles are strong. (Str +2) [potion
                  | of mutation]
 39699 | Elf:2    | Gained mutation: Your tail ends in a poisonous barb.
                  | [potion of mutation]
 39699 | Elf:2    | Gained mutation: You are frail. (-10% HP) [potion of
                  | mutation]
 39699 | Elf:2    | Gained mutation: Your flesh is heat resistant. (rF+)
                  | [potion of mutation]
 39700 | Elf:2    | Lost mutation: Your flesh is heat resistant. (rF+) [potion
                  | of mutation]
 39700 | Elf:2    | Lost mutation: You have sharp fingernails. [potion of
                  | mutation]
 39700 | Elf:2    | Lost mutation: Your tail ends in a poisonous barb. [potion
                  | of mutation]
 39700 | Elf:2    | Gained mutation: Your flesh is cold resistant. (rC+)
                  | [potion of mutation]
 39701 | Elf:2    | Lost mutation: You tend to lose your temper in combat.
                  | [potion of mutation]
 39701 | Elf:2    | Lost mutation: Your muscles are strong. (Str +2) [potion of
                  | mutation]
 39701 | Elf:2    | Lost mutation: You are frail. (-10% HP) [potion of
                  | mutation]
 39701 | Elf:2    | Lost mutation: Your flesh is cold resistant. (rC+) [potion
                  | of mutation]
 39701 | Elf:2    | Gained mutation: You have sharp fingernails. [potion of
                  | mutation]
 39701 | Elf:2    | Gained mutation: Your mind is acute. (Int +2) [potion of
                  | mutation]
 39866 | Orc      | Bought a scroll of acquirement for 728 gold pieces
 39866 | Orc      | Identified the +1 medium shield of the Fisher {rF+ Str+3
                  | Int-2 Dex+3} (You acquired it in the Orcish Mines)
 39866 | Orc      | Identified the amulet "Qeg Refe" {Faith Int+7 Dex-5} (You
                  | acquired it in the Orcish Mines)
 39866 | Orc      | Identified the Grimoire of Excruciating Intoxication (You
                  | acquired it in the Orcish Mines)
 40163 | Snake:3  | Bought a scroll of blinking for 75 gold pieces
 40172 | Snake:3  | Bought a potion of curing for 107 gold pieces
 40172 | Snake:3  | Bought a murky puce potion for 38 gold pieces
 40172 | Snake:3  | Bought 2 potions of curing for 215 gold pieces
 40174 | Snake:3  | Reached XP level 24. HP: 218/218 MP: 43/43
 40176 | Snake:3  | Bought a scroll of teleportation for 42 gold pieces
 40176 | Snake:3  | Bought a scroll of teleportation for 42 gold pieces
 40176 | Snake:3  | Bought a scroll of teleportation for 42 gold pieces
 40369 | Lair:4   | Reached skill level 1 in Long Blades
 41272 | Crypt:2  | Entered Level 2 of the Crypt
 41383 | Crypt:2  | Reached skill level 10 in Conjurations
 41544 | Crypt:2  | Noticed a greater mummy
 41567 | Crypt:2  | Killed a greater mummy
 41778 | Crypt:2  | Found a runed translucent gate.
 41779 | Crypt:2  | Found a runed translucent gate.
 41781 | Crypt:2  | Found a runed translucent gate.
 41781 | Crypt:2  | Identified the +1 leather armour "Tawid" {rC+ Int+4 Stlth-}
 41782 | Crypt:2  | Found an iron altar of Okawaru.
 41782 | Crypt:2  | Noticed yalue's ghost (adept MiFi)
 41895 | Crypt:2  | Found a staircase to the Tomb.
 42029 | Crypt:2  | Identified the +8 war axe of the Extremes {venom, Str+3}
 42130 | Crypt:2  | Found a basalt altar of Yredelemnul.
 42136 | Crypt:2  | Found an ancient bone altar of Kikubaaqudgha.
 42178 | Crypt:2  | Identified the ring of Vanaji {Ice rElec rN++}
 42202 | Crypt:2  | Identified the Incunabulum of Evil
 42324 | Crypt:2  | Killed yalue's ghost
 42530 | Vaults:3 | Entered Level 3 of the Vaults
 42530 | Vaults:3 | Noticed Margery
 42537 | Vaults:2 | Reached XP level 25. HP: 193/225 MP: 43/43
 42570 | Vaults:3 | Killed Margery
 42658 | Vaults:3 | Reached skill level 5 in Ice Magic
 42669 | Vaults:3 | Reached skill level 15 in Conjurations
 42805 | Vaults:3 | Got a silver rune of Zot
 42820 | Vaults:3 | Identified the ring of Inuwuve {Ice rElec}
 43230 | Vaults:3 | Paralysed by a yaktaur for 2 turns
 43428 | Vaults:3 | Identified the +6 mace of Absolution {freeze, *Contam
                  | +Blink +Rage Dex+2}
 43894 | Vaults:3 | Reached XP level 26. HP: 226/234 MP: 43/43
 44559 | Vaults:3 | Found Osimaleb's General Store.
 44566 | Vaults:3 | Bought a scroll of immolation for 59 gold pieces
 44566 | Vaults:3 | Bought a potion of mutation for 136 gold pieces
 44682 | Vaults:1 | Bought an uncursed ring of resist corrosion for 425 gold
                  | pieces
 44939 | Slime:1  | Entered Level 1 of the Pits of Slime
 46685 | Slime:5  | Entered Level 5 of the Pits of Slime
 46716 | Slime:5  | Noticed the Royal Jelly
 47022 | Slime:5  | Found a viscous altar of Jiyva.
 47868 | Slime:4  | Gained mutation: You are weak. (Str -2) [mutagenic glow]
 47904 | Slime:4  | Gained mutation: Your magical capacity is low. (-10% MP)
                  | [mutagenic glow]
 48304 | Depths:1 | Entered Level 1 of the Depths
 48459 | Depths:1 | Reached skill level 10 in Ice Magic
 48857 | Depths:1 | Found a gateway to a ziggurat.
 49026 | Depths:1 | Found a one-way gate to the infinite horrors of the Abyss.
 49060 | Depths:1 | Found a gateway to Hell.
 49238 | Depths:2 | Found a flickering gateway to a bazaar.
 49241 | Depths:2 | Reached XP level 27. HP: 223/241 MP: 39/39
 49258 | Bazaar   | Entered a bazaar
 49258 | Bazaar   | Found Cesok's Book Shop.
 49258 | Bazaar   | Found Rumpafaq's Jewellery Emporium.
 49258 | Bazaar   | Found Oxiodaez's Armour Shop.
 49258 | Bazaar   | Found Ysoggeh's Distillery.
 49277 | Bazaar   | Found Joafai's Armour Boutique.
 49277 | Bazaar   | Found Usoosat's Food Shoppe.
 49302 | Bazaar   | Bought the +1 pair of gauntlets of War {Slay+6} for 291
                  | gold pieces
 49302 | Bazaar   | Found the +1 pair of gauntlets of War {Slay+6}
 49302 | Bazaar   | Bought the +2 robe of Vines {NoPotionHeal Regen+7 Str+7}
                  | for 490 gold pieces
 49302 | Bazaar   | Found the +2 robe of Vines {NoPotionHeal Regen+7 Str+7}
 49333 | Bazaar   | Bought a potion of might for 52 gold pieces
 49333 | Bazaar   | Bought a potion of mutation for 104 gold pieces
 49333 | Bazaar   | Bought a potion of curing for 32 gold pieces
 49333 | Bazaar   | Bought a potion of berserk rage for 39 gold pieces
 49548 | Depths:2 | Noticed Aizul
 49556 | Depths:2 | Killed Aizul
 49839 | Depths:2 | Identified the amulet "Uphorroy" {Gourm rPois}
 49857 | Depths:2 | Identified the Reference Book on Lucky Evil
 49873 | Depths:2 | Identified the cursed +0 pair of boots of the Robin {rF+
                  | Dex+3 Slay+5}
 49882 | Depths:2 | Found the +7 Singing Sword {slice}
 49886 | Depths:2 | Reached skill level 10 in Air Magic
 50445 | Depths:3 | Noticed a juggernaut
 50459 | Depths:3 | Killed a juggernaut
 50530 | Depths:3 | Noticed Bai Suzhen
 50536 | Depths:3 | Killed Bai Suzhen
 50636 | Depths:3 | Identified the +6 faerie dragon scales {rF+ rC+ rCorr Int-5
                  | SInv}
 50636 | Depths:3 | Noticed the Enchantress
 50642 | Depths:3 | Killed the Enchantress
 50852 | Depths:3 | Found the +8 glaive of the Guard {elec, +Rage AC+5 SInv}
 51187 | Depths:3 | Noticed a juggernaut
 51200 | Depths:3 | Killed a juggernaut
 51545 | Depths:4 | Found a runed door.
 51692 | Depths:4 | Found a corrupted altar of Lugonu.
 52056 | Depths:4 | Lost mutation: Your mind is acute. (Int +2) [potion of
                  | mutation]
 52056 | Depths:4 | Lost mutation: You have sharp fingernails. [potion of
                  | mutation]
 52056 | Depths:4 | Lost mutation: Your magical capacity is low. (-10% MP)
                  | [potion of mutation]
 52056 | Depths:4 | Gained mutation: You evolve. [potion of mutation]
 52056 | Depths:4 | Gained mutation: Your body sometimes deteriorates upon
                  | taking damage. [potion of mutation]
 52056 | Depths:4 | Gained mutation: You are partially covered in yellow
                  | scales. (AC +2) [potion of mutation]
 52057 | Depths:4 | Lost mutation: Your body sometimes deteriorates upon taking
                  | damage. [potion of mutation]
 52057 | Depths:4 | Lost mutation: You are weak. (Str -2) [potion of mutation]
 52057 | Depths:4 | Lost mutation: You evolve. [potion of mutation]
 52057 | Depths:4 | Lost mutation: You are partially covered in yellow scales.
                  | (AC +2) [potion of mutation]
 52057 | Depths:4 | Gained mutation: You occasionally shout uncontrollably at
                  | your foes. [potion of mutation]
 52057 | Depths:4 | Gained mutation: You are clumsy. (Dex -2) [potion of
                  | mutation]
 52057 | Depths:4 | Gained mutation: You can translocate small distances at
                  | will. [potion of mutation]
 52058 | Depths:4 | Lost mutation: You are clumsy. (Dex -2) [potion of
                  | mutation]
 52058 | Depths:4 | Lost mutation: You occasionally shout uncontrollably at
                  | your foes. [potion of mutation]
 52058 | Depths:4 | Gained mutation: Your magical capacity is low. (-10% MP)
                  | [potion of mutation]
 52058 | Depths:4 | Gained mutation: You passively map a small area around you.
                  | [potion of mutation]
 52058 | Depths:4 | Gained mutation: You are partially covered in iridescent
                  | scales. (AC +2) [potion of mutation]
 52059 | Depths:4 | Lost mutation: You are partially covered in iridescent
                  | scales. (AC +2) [potion of mutation]
 52059 | Depths:4 | Lost mutation: Your magical capacity is low. (-10% MP)
                  | [potion of mutation]
 52059 | Depths:4 | Gained mutation: You have a pair of small horns on your
                  | head. [potion of mutation]
 52059 | Depths:4 | Gained mutation: You are resistant to hostile enchantments.
                  | (MR+) [potion of mutation]
 52059 | Depths:4 | Lost mutation: You are resistant to hostile enchantments.
                  | (MR+) [potion of mutation]
 52059 | Depths:4 | Gained mutation: Your tail ends in a poisonous barb.
                  | [potion of mutation]
 52060 | Depths:4 | Lost mutation: You passively map a small area around you.
                  | [potion of mutation]
 52060 | Depths:4 | Lost mutation: Your tail ends in a poisonous barb. [potion
                  | of mutation]
 52060 | Depths:4 | Gained mutation: Your magical capacity is low. (-10% MP)
                  | [potion of mutation]
 52060 | Depths:4 | Gained mutation: Your mind is acute. (Int +2) [potion of
                  | mutation]
 52061 | Depths:4 | Lost mutation: You can translocate small distances at will.
                  | [potion of mutation]
 52061 | Depths:4 | Lost mutation: You have a pair of small horns on your head.
                  | [potion of mutation]
 52061 | Depths:4 | Gained mutation: You tend to lose your temper in combat.
                  | [potion of mutation]
 52061 | Depths:4 | Gained mutation: You are somewhat resistant to further
                  | mutation. [potion of mutation]
 52062 | Depths:4 | Lost mutation: You are somewhat resistant to further
                  | mutation. [potion of mutation]
 52062 | Depths:4 | Lost mutation: Your magical capacity is low. (-10% MP)
                  | [potion of mutation]
 52062 | Depths:4 | Gained mutation: You do not regenerate when monsters are
                  | visible. [potion of mutation]
 52062 | Depths:4 | Gained mutation: You are somewhat resistant to further
                  | mutation. [potion of mutation]
 52063 | Depths:4 | Lost mutation: You tend to lose your temper in combat.
                  | [potion of mutation]
 52063 | Depths:4 | Lost mutation: Your mind is acute. (Int +2) [potion of
                  | mutation]
 52063 | Depths:4 | Lost mutation: You are somewhat resistant to further
                  | mutation. [potion of mutation]
 52063 | Depths:4 | Gained mutation: You are dopey. (Int -2) [potion of
                  | mutation]
 52063 | Depths:4 | Gained mutation: You are frail. (-10% HP) [potion of
                  | mutation]
 52063 | Depths:4 | Gained mutation: You are resistant to electric shocks.
                  | (rElec) [potion of mutation]
 52064 | Depths:4 | Lost mutation: You are frail. (-10% HP) [potion of
                  | mutation]
 52064 | Depths:4 | Lost mutation: You do not regenerate when monsters are
                  | visible. [potion of mutation]
 52064 | Depths:4 | Lost mutation: You are resistant to electric shocks.
                  | (rElec) [potion of mutation]
 52064 | Depths:4 | Lost mutation: You are dopey. (Int -2) [potion of mutation]
 52064 | Depths:4 | Gained mutation: You do not regenerate when monsters are
                  | visible. [potion of mutation]
 52064 | Depths:4 | Gained mutation: You are robust. (+10% HP) [potion of
                  | mutation]
 52064 | Depths:4 | Gained mutation: You are agile. (Dex +2) [potion of
                  | mutation]
 52065 | Depths:4 | Lost mutation: You are robust. (+10% HP) [potion of
                  | mutation]
 52065 | Depths:4 | Lost mutation: You do not regenerate when monsters are
                  | visible. [potion of mutation]
 52065 | Depths:4 | Gained mutation: You are frail. (-10% HP) [potion of
                  | mutation]
 52065 | Depths:4 | Gained mutation: You can exhale a cloud of poison. [potion
                  | of mutation]
 52066 | Depths:4 | Lost mutation: You are agile. (Dex +2) [potion of mutation]
 52066 | Depths:4 | Lost mutation: You can exhale a cloud of poison. [potion of
                  | mutation]
 52066 | Depths:4 | Lost mutation: You are frail. (-10% HP) [potion of
                  | mutation]
 52066 | Depths:4 | Gained mutation: You passively map a small area around you.
                  | [potion of mutation]
 52066 | Depths:4 | Gained mutation: Your flesh is cold resistant. (rC+)
                  | [potion of mutation]
 52066 | Depths:4 | Gained mutation: You have sharp fingernails. [potion of
                  | mutation]
 52066 | Depths:4 | Gained mutation: You possess an exceptional clarity of
                  | mind. [potion of mutation]
 52167 | Depths:5 | Entered Level 5 of the Depths
 52599 | Depths:5 | Noticed a golden dragon
 53161 | Depths:5 | Found a gate to the Realm of Zot.
 53408 | Zot:1    | Entered Level 1 of the Realm of Zot
 53435 | Zot:1    | Reached skill level 15 in Fighting
 53950 | Zot:2    | Noticed a golden dragon
 53968 | Zot:2    | HP: 4/327 [green draconian knight/+0 great sword (15)]
 53968 | Zot:2    | Mangled by a green draconian knight

Skill      XL: |  1  2  3  4  5  6  7  8  9 10 11 12 13 14 15 16 17 18 19 20 21 22 23 24 25 26 27 |
---------------+----------------------------------------------------------------------------------+-----
Maces & Flails | 2 3 5 6 7 10 12 13 15 16 18 19 20 | 20.5
Fighting       | 2 3 4 5 6 7 9 10 12 13 15 | 15.9
Necromancy     | 2 3 4 7 8 10 11 12 | 12.3
Transmutations | 2 3 5 6 8 10 12 13 | 13.1
Spellcasting   | 3 5 8 10 11 13 14 15 16 17 | 17.8
Translocations | 6 11 13 | 13.0
Air Magic      | 5 8 12 | 12.1
Hexes          | 4 8 |  8.4
Dodging        | 5 7 8 9 |  9.5
Conjurations   | 2 7 13 17 18 20 | 20.5
Ice Magic      | 2 3 8 10 13 | 13.2
Long Blades    | 1 |  1.2
Staves         | |  0.5
Stealth        | |  4.8
Shields        | |  0.2

Action                   |  1- 3 |  4- 6 |  7- 9 | 10-12 | 13-15 | 16-18 | 19-21 | 22-24 | 25-27 || total
-------------------------+-------+-------+-------+-------+-------+-------+-------+-------+-------++-------
Melee: Whip              |   128 |   159 |   250 |    95 |       |       |       |       |       ||   632
       Great mace        |       |       |    24 |   221 |   506 |   422 |   640 |   526 |   923 ||  3262
       Constrict         |       |       |       |       |    99 |   113 |   116 |    99 |   108 ||   535
       Peck              |       |       |       |       |       |       |    58 |    86 |       ||   144
       Lajatang          |       |       |       |       |       |       |       |       |    16 ||    16
 Cast: Statue Form       |       |       |       |       |     3 |       |     2 |     2 |     2 ||     9
       Necromutation     |       |       |       |       |     3 |       |     1 |     3 |     8 ||    15
       Deflect Missiles  |       |       |       |       |       |     1 |       |       |     1 ||     2
       Regeneration      |       |       |       |       |       |     5 |     2 |     3 |     1 ||    11
       Invisibility      |       |       |       |       |       |     9 |    41 |    23 |    20 ||    93
       Controlled Blink  |       |       |       |       |       |     1 |     2 |     5 |    18 ||    26
       Glaciate          |       |       |       |       |       |       |       |     2 |    26 ||    28
Invok: Bend Time         |       |       |       |       |     3 |     1 |     1 |       |       ||     5
 Abil: Spit Poison       |     1 |    12 |     6 |    10 |     4 |     1 |       |       |       ||    34
       End Transformatio |       |       |       |       |     1 |       |     1 |     2 |     9 ||    13
Evoke: Wand              |       |       |     3 |     6 |     6 |       |     5 |       |       ||    20
       Lamp of fire      |       |       |       |       |       |       |       |       |     1 ||     1
  Use: Scroll            |     4 |     2 |    13 |    16 |    10 |    15 |     4 |    12 |    12 ||    88
       Potion            |       |     5 |     5 |     8 |    12 |     8 |    11 |    14 |    22 ||    85
 Stab: Sleeping          |     4 |     5 |     4 |    10 |     5 |    12 |    19 |    10 |     6 ||    75
       Distracted        |       |       |     2 |     1 |     7 |     3 |     2 |     2 |     2 ||    19
       Petrified         |       |       |       |       |     2 |       |       |       |       ||     2
       Invisible         |       |       |       |       |     5 |     1 |    49 |    34 |    46 ||   135
       Confused          |       |       |       |       |       |       |       |       |     7 ||     7
  Eat: Chunk             |     5 |     5 |    14 |    20 |    27 |     6 |    30 |     7 |       ||   114
       Ration            |       |       |       |       |     4 |     8 |     5 |     5 |     3 ||    25
Armor: Robe              |    75 |    45 |    73 |    83 |       |       |       |       |   242 ||   518
       Skin              |       |       |     7 |     7 |   142 |   583 |   628 |   185 |    12 ||  1564
       Troll leather arm |       |       |       |    33 |   420 |       |    30 |    92 |   300 ||   875
       Fire dragon scale |       |       |       |       |       |       |       |       |     1 ||     1
Dodge: Dodged            |   111 |    59 |   129 |   164 |   498 |   485 |   882 |   641 |  1070 ||  4039
       Deflected         |       |       |       |       |       |   288 |   205 |   108 |   237 ||   838
Block: Other             |       |    36 |    60 |    84 |   199 |   213 |   268 |   166 |   291 ||  1317
       Reflection        |       |     1 |     9 |     4 |    13 |    35 |    47 |    18 |    40 ||   167
